 Dungeon Crawl Stone Soup version 0.18.1-48-g4cf74bf (webtiles) character file.

29934 WarriorsX the Carver (level 13, -3/95 HPs)
             Began as a Human Fighter on July 31, 2016.
             Slain by a komodo dragon (17 damage)
             ... on level 2 of the Lair of Beasts.
             The game lasted 01:25:46 (18638 turns).

WarriorsX the Carver (Human Fighter)               Turns: 18638, Time: 01:25:47

Health: -3/95      AC: 19    Str: 22    XL:     13   Next: 84%
Magic:  18/18      EV:  6    Int:  8    God:
Gold:   824        SH: 12    Dex: 13    Spells: 0 memorised, 12 levels left

rFire  . . .     SeeInvis .     a - +2 long sword (flame)
rCold  + . .     Gourm    .     H - +0 plate armour
rNeg   . . .     Faith    .     c - +0 shield
rPois  +         Spirit   .     o - +2 hat
rElec  .         Dismiss  .     (no cloak)
rCorr  .         Reflect  .     r - +0 pair of gloves
SustAt .         Harm     .     Q - +0 pair of boots
MR     .....     Rnd*Rage +     y - amulet of regeneration
Stlth  .......... Rnd*Tele +    (no ring)
                                A - ring of poison resistance

@: not resistant to hostile enchantments, extremely unstealthy
A: horns 1, berserk 2, blink, cold resistance 1, frail 1, mutation resistance 1,
screaming 1, teleportitis 1
a: Blink


You were on level 2 of the Lair of Beasts.
You were not hungry.

You visited 3 branches of the dungeon, and saw 16 of its levels.
You visited the Abyss 1 time.

You collected 824 gold pieces.

Inventory:

Hand Weapons
 a - a +2 long sword of flaming (weapon)
 C - the +8 dagger of Xom's Generosity {freeze, +Inv rElec rC+ MP-9}
   (You found it on level 10 of the Dungeon)

   It has been specially enchanted to freeze those struck by it, causing extra
   injury to most foes and up to half again as much damage against particularly
   susceptible opponents.
   It can also slow down cold-blooded creatures.
   It protects you from cold.
   It insulates you from electricity.
   It affects your magic capacity (-9).
   It lets you turn invisible.
 G - a +1 great sword
 M - a +2 falchion
 N - a +1 flail
 R - a +2 long sword
Armour
 c - a +0 shield (worn)
 n - a +3 ring mail of magic resistance
 o - a +2 hat (worn)
 r - a +0 pair of gloves (worn)
 H - a +0 plate armour (worn)
 O - a troll hide
 Q - a +0 pair of boots (worn)
Jewellery
 d - an uncursed ring of ice
 i - an uncursed ring of protection from magic {unknown}
 s - a +5 ring of intelligence {unknown}
 y - an amulet of regeneration (around neck)
 A - a ring of poison resistance (left hand)
 F - an uncursed ring of sustain attributes
Wands
 e - a wand of teleportation (1/9)
 h - a wand of paralysis (11/24)
 k - a wand of paralysis (0/24)
 m - a wand of disintegration (0/24)
 p - a wand of disintegration (5/24)
 J - a wand of lightning (0/15)
Scrolls
 b - 2 scrolls of fear
 q - 3 scrolls of enchant weapon
 u - 6 scrolls of remove curse
 v - a scroll of enchant armour
 w - 6 scrolls of identify
Potions
 g - a potion of flight
 B - 2 potions of magic
 V - 2 potions of brilliance
Books
 t - a book of Ice

   Spells                             Type                      Level
   a - Ice Form                       Ice/Transmutation            4
   b - Metabolic Englaciation         Hexes/Ice                    5
   c - Ozocubu's Refrigeration        Ice                          6
   d - Bolt of Cold                   Conjuration/Ice              6
   e - Freezing Cloud                 Conjuration/Ice/Air          6
   f - Simulacrum                     Ice/Necromancy               6
 z - a Necronomicon

   Spells                             Type                      Level
   a - Haunt                          Necromancy/Summoning         7
   b - Borgnjor's Revivification      Necromancy                   8
   c - Death's Door                   Charms/Necromancy            8
   d - Necromutation                  Transmutation/Necromancy     8
 P - a Fen Folio

   Spells                             Type                      Level
   a - Corpse Rot                     Necromancy                   2
   b - Stone Arrow                    Conjuration/Earth            3
   c - Leda's Liquefaction            Hexes/Earth                  4
   d - Summon Forest                  Summoning/Translocation      5
   e - Hydra Form                     Transmutation                6
   f - Summon Hydra                   Summoning                    7
 S - a book of Conjurations

   Spells                             Type                      Level
   a - Magic Dart                     Conjuration                  1
   b - Searing Ray                    Conjuration                  2
   c - Dazzling Spray                 Conjuration/Hexes            3
   d - Fulminant Prism                Conjuration/Hexes            4
   e - Iskenderun's Mystic Blast      Conjuration                  4
   f - Iskenderun's Battlesphere      Conjuration/Charms           5
 T - a book of Geomancy

   Spells                             Type                      Level
   a - Sandblast                      Earth                        1
   b - Passwall                       Transmutation/Earth          2
   c - Stone Arrow                    Conjuration/Earth            3
   d - Petrify                        Transmutation/Earth          4
   e - Lee's Rapid Deconstruction     Earth                        5
Miscellaneous
 K - a phantom mirror
 U - a phial of floods
Comestibles
 f - 14 bread rations
 j - 9 meat rations
 l - 10 beef jerkies
 x - 9 chunks of flesh
 D - 11 fruits


   Skills:
 + Level 11.2 Fighting
 + Level 11.6 Long Blades
 - Level 1.0 Throwing
 + Level 10.6 Armour
 - Level 2.9 Stealth
 + Level 10.5 Shields
 - Level 1.0 Unarmed Combat
 - Level 0.1 Spellcasting
 - Level 7.3 Evocations


You had 12 spell levels left.
You didn't know any spells.

Dungeon Overview and Level Annotations

Branches:
Dungeon (13/15)            Temple (1/1) D:4            Lair (2/8) D:10
    Orc (0/2) D:11
 Vaults: D:13-14

Altars:
Ashenzari
Cheibriados
Dithmenos
Elyvilon
Fedhas
Gozag
Kikubaaqudgha
Makhleb
Okawaru
Pakellas
Qazlal
Ru
Trog
Vehumet
Xom
Yredelemnul
Zin
The Shining One

Shops:
D:11 [

Portals:
Trove: D:10 (give wand of heal wounds (9))

Annotations:
D:4 WarriorsX's ghost, amateur HuFi
D:7 Ferkelamun's ghost, novice MiMo
D:9 Heedrag's ghost, journeyman DECj
D:13 Frances; Sonja


Innate Abilities, Weirdness & Mutations

You have a pair of small horns on your head.
You often lose your temper in combat.
You can translocate small distances at will.
Your flesh is cold resistant.
You are frail (-10% HP).
You are somewhat resistant to further mutation.
You occasionally shout uncontrollably at your foes.
You are occasionally teleported next to monsters.


Message History

You block the komodo dragon's attack.
Evoke which item? (* to show all) (? for menu, Esc to quit)
You draw a card...
It is the Tomb.
The deck of cards disappears without a trace.
Walls emerge from the floor!
The komodo dragon bites you!
* * * LOW HITPOINT WARNING * * *
Evoke which item? (* to show all) (? for menu, Esc to quit)
Zapping:
h - a wand of paralysis (13/24)
Press: ? - help, Shift-Dir - straight line, f - komodo dragon
Aim: a komodo dragon (heavily wounded, chance to defeat MR: 44%)
The komodo dragon resists with some effort.
This wand has 12 charges left.
The komodo dragon bites you.
* * * LOW HITPOINT WARNING * * *
Evoke which item? (* to show all) (? for menu, Esc to quit)
Zapping:
h - a wand of paralysis (12/24)
Press: ? - help, Shift-Dir - straight line, f/p - komodo dragon
Aim: a komodo dragon (heavily wounded, chance to defeat MR: 44%)
The komodo dragon resists with some effort.
This wand has 11 charges left.
The komodo dragon bites you!
You die...

$........
.[.......
.........
##........
(.####P........ .
............... ..
...............
#P. ##l...#.# #P..
#@##...#
....P######....#.
.................
.......<..........
..................
..................
.................
.................
.##P.#P###.......


You could see a komodo dragon.

Vanquished Creatures
  4 hydras
  Fannar (Lair:1)
  A catoblepas (D:13)
  A centaur warrior (D:13)
  Pikel (D:6)
  4 hill giants
  A cyclops (D:13)
  4 ugly things
  2 centaur zombies
  A black mamba (Lair:2)
  5 spiny frogs
  A kobold demonologist (D:11)
  A komodo dragon (Lair:1)
  5 trolls
  3 two-headed ogres
  Grinder (D:3)
  5 blink frogs (Lair:1)
  3 slime creatures (D:13)
  Dowan (D:6)
  4 wyverns
  11 yaks
  A steam dragon (D:7)
  2 hungry ghosts
  2 hippogriffs
  Menkaure (D:5)
  6 wargs
  3 water moccasins
  2 porcupines
  9 orc warriors
  3 ice beasts
  2 sky beasts
  A wasp (D:12)
  A black bear (D:11)
  3 slaves (D:6)
  9 ogres
  2 necrophages
  4 phantoms
  6 centaurs
  A crocodile (Lair:1)
  Blork the orc (D:6)
  6 big kobolds
  2 gnoll sergeants (D:8)
  14 giant frogs
  5 scorpions
  30 wights
  2 howler monkeys (D:7)
  7 crimson imps
  3 giant frog zombies
  3 quasits
  A wasp zombie (D:10)
  4 jellies
  3 gnoll shamans
  9 orc priests
  5 hounds
  4 centaur skeletons
  Jessica (D:2)
  Terence (D:3)
  7 iguanas
  20 orc wizards
  10 worker ants
  12 sheep
  21 gnolls
  A worker ant zombie (D:7)
  14 adders
  27 river rats
  4 shadow imps
  4 adder skeletons
  An adder zombie (D:6)
  3 worms
  4 dart slugs
  4 giant geckos
  48 orcs
  2 ball pythons
  8 bats
  4 giant cockroaches
  7 goblins
  14 hobgoblins
  9 jackals
  33 kobolds
  4 quokkas
  A giant gecko zombie (D:8)
  3 giant newts
  A jackal zombie (D:5)
  2 quokka skeletons
  A quokka zombie (D:5)
  13 rats
501 creatures vanquished.

Vanquished Creatures (others)
  A slave (D:6)
  Duvessa (D:6)
  An orc wizard (D:7)
  An orc (D:7)
  A fungus (Lair:2)
  A plant (Lair:2)
6 creatures vanquished.

Grand Total: 507 creatures vanquished

Notes
Turn   | Place    | Note
--------------------------------------------------------------
     0 | D:1      | WarriorsX the Human Fighter began the quest for the Orb.
     0 | D:1      | Reached XP level 1. HP: 18/18 MP: 1/1
    47 | D:1      | Reached XP level 2. HP: 20/24 MP: 2/2
   260 | D:1      | Reached XP level 3. HP: 14/29 MP: 3/3
  1219 | D:2      | Noticed Jessica
  1228 | D:2      | Killed Jessica
  1228 | D:2      | Reached XP level 4. HP: 24/37 MP: 4/4
  1617 | D:3      | Noticed an ogre
  1644 | D:2      | Killed an ogre
  1644 | D:2      | Reached XP level 5. HP: 40/42 MP: 5/5
  1882 | D:3      | Reached XP level 6. HP: 44/48 MP: 6/6
  2198 | D:3      | Noticed Grinder
  2239 | D:3      | Killed Grinder
  2239 | D:3      | Reached skill level 5 in Fighting
  2239 | D:3      | Reached skill level 5 in Armour
  2239 | D:3      | Reached skill level 1 in Stealth
  2239 | D:3      | Reached XP level 7. HP: 34/56 MP: 7/7
  2298 | D:3      | Found a white marble altar of Elyvilon.
  2417 | D:3      | Noticed Terence
  2429 | D:3      | Killed Terence
  2670 | D:4      | Noticed WarriorsX's ghost (amateur HuFi)
  2686 | D:4      | Found a bloodstained altar of Trog.
  2743 | D:4      | Found a staircase to the Ecumenical Temple.
  2957 | D:4      | Found a sacrificial altar of Ru.
  2979 | D:5      | Entered Level 5 of the Dungeon
  3440 | D:3      | Reached XP level 8. HP: 55/64 MP: 8/8
  4087 | D:5      | Found an oddly glowing altar of Pakellas.
  4135 | D:5      | Noticed Menkaure
  4158 | D:5      | Killed Menkaure
  4158 | D:5      | Reached skill level 5 in Long Blades
  4158 | D:5      | Reached skill level 1 in Evocations
  4181 | D:5      | Gained mutation: Your flesh is cold resistant. [potion of mutation]
  4181 | D:5      | Gained mutation: You tend to lose your temper in combat. [potion of mutation]
  4189 | D:5      | Gained mutation: You have a pair of small horns on your head. [potion of beneficial mutation]
  4616 | D:5      | Found a bloodstained altar of Trog.
  4871 | D:5      | Reached XP level 9. HP: 62/72 MP: 10/10
  5129 | D:6      | Noticed Blork the orc
  5137 | D:6      | Killed Blork the orc
  5190 | D:6      | Noticed Pikel
  5287 | D:6      | Paralysed by Pikel for 6 turns
  5317 | D:6      | Killed Pikel
  5435 | D:6      | Killed Duvessa
  5526 | D:6      | Found an iron altar of Okawaru.
  5570 | D:6      | Noticed Dowan
  5590 | D:6      | Killed Dowan
  6450 | D:7      | Reached XP level 10. HP: 82/82 MP: 11/11
  6463 | D:7      | Found a shadowy altar of Dithmenos.
  6728 | D:7      | Noticed Ferkelamun's ghost (novice MiMo)
  8005 | D:8      | Reached skill level 1 in Unarmed Combat
  8119 | D:8      | Reached skill level 1 in Throwing
  8995 | Temple   | Entered the Ecumenical Temple
  9279 | D:9      | Reached skill level 5 in Shields
  9628 | D:9      | Reached XP level 11. HP: 61/88 MP: 14/14
  9806 | D:9      | Noticed Heedrag's ghost (journeyman DECj)
 10450 | D:10     | Entered Level 10 of the Dungeon
 10498 | D:10     | Noticed a hill giant
 10509 | D:10     | Killed a hill giant
 10535 | D:10     | Found a portal to a secret trove of treasure.
 10702 | D:10     | Got an ancient dagger
 10818 | D:10     | Paralysed by fainting for 7 turns
 11102 | D:10     | Identified the +8 dagger of Xom's Generosity {freeze, +Inv rElec rC+ MP-9} (You found it on level 10 of the Dungeon)
 11359 | D:10     | Noticed a hill giant
 11374 | D:10     | Killed a hill giant
 11503 | D:10     | Gained mutation: You occasionally shout uncontrollably at your foes. [mutagenic meat]
 11505 | D:10     | Gained mutation: You can translocate small distances at will. [mutagenic meat]
 11506 | D:10     | Gained mutation: You are frail (-10% HP). [mutagenic meat]
 11507 | D:10     | Gained mutation: You are occasionally teleported next to monsters. [mutagenic meat]
 11592 | D:10     | Found a staircase to the Lair.
 12110 | Lair:1   | Entered Level 1 of the Lair of Beasts
 12110 | Lair:1   | Noticed Fannar
 12185 | D:11     | Found a staircase to the Orcish Mines.
 12381 | D:11     | Reached skill level 5 in Evocations
 12432 | D:11     | Reached XP level 12. HP: 79/86 MP: 16/16
 12747 | D:11     | Noticed a catoblepas
 13317 | D:11     | Found Fifuvol's Armour Boutique.
 13495 | D:12     | Reached skill level 10 in Fighting
 13639 | D:12     | Noticed a five-headed hydra
 13857 | D:12     | Reached skill level 10 in Long Blades
 14836 | D:12     | Killed a one-headed hydra
 15204 | D:13     | Noticed a centaur warrior
 15231 | D:13     | Killed a centaur warrior
 15364 | D:13     | Noticed Frances
 15417 | D:13     | Reached XP level 13. HP: 78/92 MP: 18/18
 15675 | D:13     | Noticed Sonja
 15676 | D:13     | Cast into level 1 of the Abyss (Sonja)
 15719 | Abyss:1  | Found a basalt altar of Yredelemnul.
 15733 | Abyss:1  | Found a basalt altar of Yredelemnul.
 15807 | Abyss:1  | Noticed a starcursed mass
 15893 | Abyss:1  | Gained mutation: You often lose your temper in combat. [a shining eye]
 16002 | Abyss:1  | Noticed a brown very ugly thing
 16098 | Abyss:1  | Gained mutation: You are somewhat resistant to further mutation. [potion of beneficial mutation]
 16119 | D:13     | Escaped the Abyss
 16326 | D:13     | Noticed a six-headed hydra
 16334 | D:13     | Killed a one-headed hydra
 16370 | D:13     | Noticed a catoblepas
 16400 | D:13     | Killed a catoblepas
 16569 | D:11     | Reached skill level 10 in Armour
 16742 | D:10     | Reached skill level 10 in Shields
 16805 | Lair:1   | Killed Fannar
 17751 | Lair:1   | Noticed a four-headed hydra
 17754 | Lair:1   | Noticed a four-headed hydra
 17759 | Lair:1   | Killed a one-headed hydra
 17764 | Lair:1   | Killed a one-headed hydra
 18638 | Lair:2   | Slain by a komodo dragon

Skill      XL: |  1  2  3  4  5  6  7  8  9 10 11 12 13 |
---------------+----------------------------------------+-----
Fighting       | 4 5 7 8 9 10 11 | 11.2
Long Blades    | 3 4 5 7 8 9 10 11 | 11.6
Armour         | 4 5 6 7 8 9 10 | 10.6
Stealth        | 1 2 |  2.9
Evocations     | 1 2 4 5 7 |  7.3
Unarmed Combat | 1 |  1.0
Throwing       | 1 |  1.0
Shields        | 6 8 9 10 | 10.5
Spellcasting   | |  0.1

Action                   |  1- 3 |  4- 6 |  7- 9 | 10-12 | 13-15 || total
-------------------------+-------+-------+-------+-------+-------++-------
Melee: Long sword        |   138 |    67 |   439 |  1226 |   403 ||  2273
       Headbutt          |       |       |    52 |   290 |    93 ||   435
       Falchion          |       |       |       |     3 |       ||     3
Evoke: Wand              |       |     3 |     9 |    32 |     3 ||    47
       Deck              |       |       |       |     4 |     1 ||     5
  Use: Potion            |       |     1 |    10 |     1 |     9 ||    21
       Scroll            |       |       |    15 |    13 |     3 ||    31
 Stab: Paralysed         |       |       |     7 |    29 |       ||    36
       Sleeping          |       |       |       |     4 |       ||     4
       Distracted        |       |       |       |     1 |       ||     1
  Eat: Chunk             |     1 |     3 |    15 |    44 |    14 ||    77
       Fruit             |       |       |       |     1 |       ||     1
       Royal jelly       |       |       |       |       |     1 ||     1
Armor: Scale mail        |    70 |     2 |       |       |       ||    72
       Ring mail         |       |    15 |   215 |   284 |       ||   514
       Plate armour      |       |       |       |   269 |   214 ||   483
Dodge: Dodged            |    49 |    15 |   130 |   285 |    62 ||   541
Block: Shield            |    66 |    28 |   214 |   552 |   221 ||  1081
